 Dungeon Sprint DCSS version 0.31-a0-18-gea43df2a32 (webtiles) character file.

Game seed: 18350509524664380728

3854 sircluck the Brawler (level 9, -9/153 HPs)
             Began as a Troll Berserker on May 10, 2023.
             Was the Champion of Trog.
             Succumbed to a death drake's dark miasma
             ... in the Dungeon (Sprint II: "The Violet Keep of Menkaure").
             The game lasted 00:03:52 (424 turns).

sircluck the Brawler (Troll Berserker)               Turns: 424, Time: 00:03:52

Health: -9/153     AC:  7    Str: 31    XL:     9   Next: 99%
Magic:  8/8        EV: 12    Int:  3    God:    Trog [******]
Gold:   476        SH:  0    Dex:  7    Spells: 8/8 levels left

rFire   . .          .
                       - Unarmed
rCold   . . .        (no shield)
rNeg    . . .        a - +0 animal skin
rPois   .            (helmet restricted)
rElec   .            h - +2 cloak
rCorr   .            (gloves unavailable)
SInv    .            (boots unavailable)
Will    .....        (no amulet) Stlth
                     (no ring)
HPRegen 1.25/turn    (no ring)
MPRegen 0.11/turn

%: no teleportation, random rage (9%)
@: berserking, lethally poisoned (-9 -> -59), slowed
A: large, unfitting armour, claws 3, regeneration 1, shaggy fur 1, tough skin 1,
fangs 1, berserk 2, clumsy 1
a: Renounce Religion, Berserk, Trog's Hand, Brothers in Arms


You were in the Dungeon.
You worshipped Trog.
Trog was exalted by your worship.
You visited 1 branch You collected 648 gold pieces.
You spent 172 gold pieces at shops.

Inventory:

Missiles
 i - 4 stones (quivered)
Armour
 a - a +0 animal skin (worn)
 h - a +2 cloak (worn)
Scrolls
 g - a scroll of blinking
Potions
 b - a potion of curing
 c - a potion of heal wounds
 d - a potion of haste
 e - 2 potions of magic
 f - a potion of berserk rage


   Skills:
 + Level 10.5 Fighting
 + Level 10.9 Dodging
 + Level 0.6 Stealth
 + Level 15.8 Unarmed Combat


You had 8 spell levels left.
You didn't know any spells.
Your spell library was empty.

Dungeon Overview and Level Annotations

Branches:
Dungeon (1/1)

Altars:
Dithmenos
Elyvilon
Fedhas
Gozag
Kikubaaqudgha
Makhleb
Nemelex Xobeh
Okawaru
Qazlal
Ru
Sif Muna
Trog
Uskayaw
Vehumet
Wu Jian
Xom
Yredelemnul
Zin
The Shining One
Jiyva
Lugonu

Shops:
D [=:?[[*((!:[!=[

Annotations:
D exclusions: ice statue and oklob plant


Innate Abilities, Weirdness & Mutations

You are too large for most types of armour.
You have claws for hands.
Your natural rate of healing is unusually fast.
You are covered in fur. (AC +1)
You have tough skin. (AC +1)
You have very sharp teeth.
You have an uncontrollable temper.
You are clumsy. (Dex -2)


Message History

The death drake breathes miasma at you. The foul vapour misses you.
The crystal guardian hits you.
The swamp drake is engulfed in dark miasma.
The swamp drake seems to slow down.
You see here a swamp drake corpse.
You closely miss the death drake.
You are engulfed in dark miasma.
You are poisoned.
You feel very sick.
The swamp drake is no longer moving slowly.
The death drake barely misses you.
A red film seems to cover your vision as you go berserk!
You feel yourself moving faster!
You feel mighty!
You are engulfed in dark miasma.
You are more poisoned.
You feel extremely sick. The death drake breathes miasma at you.
The foul vapour engulfs you!
You are more poisoned.
You feel yourself slow down.
The crystal guardian fires a crystalline bolt at you.
The crystal bolt burns you!!! The crystal bolt misses you.
The crystal bolt burns the crystal guardian.
The crystal guardian completely resists.
The swamp drake is engulfed in dark miasma.
The swamp drake seems to slow down.
You miss the death drake.
You are engulfed in dark miasma.
You are more poisoned.
You feel extremely sick.
The swamp drake is no longer moving slowly.
The death drake bites you.
The crystal guardian fires a crystalline bolt at you.
The crystal bolt misses you. The crystal bolt burns you!!!
* * * LOW HITPOINT WARNING * * *
The crystal bolt burns the crystal guardian.
The crystal guardian completely resists.
The swamp drake is engulfed in dark miasma.
The swamp drake is poisoned.
The death drake attacks as you move away!
The death drake bites you.
* * * LOW HITPOINT WARNING * * *
You die... ≈§≈≈≈≈≈## §§§≈≈§§≈# §≈SS≈§§ ..## ≈SSSS

...## ++#+++## ...#!##
.......# ..#kk# ##+##..#
#.#9k# # ###.#### +.##°#
.##..#....# #..@####
#...####..#####..##.#
##'###.##..#..').#.)#
##.##†..#..#..#..#†.#
'.<.'##.'..####^.##.#
##.##...#....###...##▓▓▓
##†###.##§....†~~~~~~~~~~~
.#. ###§§.§§..~#+########
.. ..#~~~~§§§..~#..._._._#


You could see 2 death drakes.

Vanquished Creatures
  3 shining eyes (D)
  A merfolk siren (D)
  A yaktaur (D)
  3 polar bears (D)
  A hornet (D)
  4 neqoxecs (D)
  Menkaure (D)
  A water moccasin (D)
  A swamp drake (D)
  4 necrophages (D)
  5 scorpions (D)
25 creatures vanquished.

Notes
Turn   | Place    | Note
-------+----------+-------------------------------------------
     0 | D        | sircluck the Troll Berserker began the quest for the Orb.
     0 | D        | Reached XP level 1. HP: 22/22 MP: 0/0
     1 | D        | Noticed a neqoxec
     1 | D        | Noticed a neqoxec
     1 | D        | Noticed a neqoxec
     1 | D        | Noticed a neqoxec
     2 | D        | Lost intelligence.
     8 | D        | Gained mutation: You have hidden genetic defects. [a
                  | neqoxec]
     9 | D        | Killed a neqoxec
    10 | D        | Reached skill level 5 in Fighting
    10 | D        | Reached skill level 5 in Dodging
    10 | D        | Reached skill level 6 in Unarmed Combat
    10 | D        | Reached XP level 2. HP: 35/35 MP: 1/1
    10 | D        | Reached XP level 3. HP: 42/42 MP: 2/2
    10 | D        | Reached XP level 4. HP: 50/50 MP: 3/3
    10 | D        | Gained mutation: You sometimes lose your temper in combat.
                  | [a neqoxec]
    11 | D        | Killed a neqoxec
    11 | D        | Reached ** piety under Trog
    12 | D        | Reached skill level 8 in Unarmed Combat
    12 | D        | Reached XP level 5. HP: 59/59 MP: 4/4
    14 | D        | Killed a neqoxec
    15 | D        | Reached skill level 9 in Unarmed Combat
    15 | D        | Reached XP level 6. HP: 54/71 MP: 5/5
    19 | D        | Gained mutation: You have an uncontrollable temper. [hidden
                  | defects]
    20 | D        | Gained mutation: You have very sharp teeth. [a neqoxec]
    21 | D        | Killed a neqoxec
    28 | D        | Gained mutation: You are clumsy. (Dex -2) [hidden defects]
    28 | D        | Lost mutation: You have hidden genetic defects. [hidden
                  | defects expressed]
    37 | D        | Noticed a merfolk siren
    47 | D        | Killed a merfolk siren
    47 | D        | Reached *** piety under Trog
    48 | D        | Reached skill level 10 in Unarmed Combat
    48 | D        | Reached XP level 7. HP: 53/81 MP: 6/6
    81 | D        | Reached skill level 11 in Unarmed Combat
    84 | D        | Reached **** piety under Trog
    85 | D        | Reached XP level 8. HP: 85/89 MP: 7/7
   102 | D        | Reached skill level 12 in Unarmed Combat
   152 | D        | Noticed Menkaure
   158 | D        | Killed Menkaure
   158 | D        | Reached ***** piety under Trog
   160 | D        | Found Bezxykolu's Jewellery Boutique.
   160 | D        | Found Taohe's Antique Armour Shop.
   161 | D        | Found Qapu's Antique Armour Boutique.
   161 | D        | Found Fomn's Distillery.
   162 | D        | Found Vuec's Distillery.
   162 | D        | Found Lausud's Book Shop.
   165 | D        | Found Liaryahudy's Antique Weapon Boutique.
   167 | D        | Found Ujyungupoas's Assorted Antiques.
   167 | D        | Found Wenoet's Antique Weapon Boutique.
   169 | D        | Found Hogg's Antique Armour Shop.
   169 | D        | Noticed a hell hog
   169 | D        | Noticed a hell hog
   170 | D        | Noticed a cane toad
   174 | D        | Found Neaptiud's Antique Armour Boutique.
   174 | D        | Found Qeatzugh's Magic Scroll Shop.
   174 | D        | Noticed an oklob plant
   175 | D        | Found Ziseaggig's Jewellery Shop.
   175 | D        | Found Hopiz's Book Shoppe.
   175 | D        | Found Eneef's Antique Armour Boutique.
   175 | D        | Noticed a cane toad
   221 | D        | Bought a runed cloak for 172 gold pieces
   263 | D        | Noticed an ice statue
   278 | D        | Found a glowing golden altar of the Shining One.
   278 | D        | Found an ornate altar of the Wu Jian Council.
   278 | D        | Found a stormy altar of Qazlal.
   279 | D        | Found a shimmering altar of Xom.
   279 | D        | Found a sacrificial altar of Ru.
   280 | D        | Found a basalt altar of Yredelemnul.
   280 | D        | Found a shimmering blue altar of Sif Muna.
   280 | D        | Found a viscous altar of Jiyva.
   281 | D        | Found a glowing silver altar of Zin.
   281 | D        | Found a bloodstained altar of Trog.
   281 | D        | Found an ancient bone altar of Kikubaaqudgha.
   284 | D        | Found a hide-covered altar of Uskayaw.
   284 | D        | Found a corrupted altar of Lugonu.
   284 | D        | Found a shadowy altar of Dithmenos.
   285 | D        | Found a radiant altar of Vehumet.
   285 | D        | Found a burning altar of Makhleb.
   285 | D        | Found a white marble altar of Elyvilon.
   286 | D        | Found a sparkling altar of Nemelex Xobeh.
   286 | D        | Found a blossoming altar of Fedhas.
   287 | D        | Found an iron altar of Okawaru.
   287 | D        | Found an opulent altar of Gozag.
   288 | D        | Noticed a yaktaur
   288 | D        | Noticed a hornet
   288 | D        | Noticed a polar bear
   288 | D        | Noticed a polar bear
   293 | D        | Killed a polar bear
   294 | D        | Noticed a polar bear
   296 | D        | Killed a polar bear
   297 | D        | Reached skill level 13 in Unarmed Combat
   297 | D        | Reached XP level 9. HP: 101/101 MP: 8/8
   301 | D        | Killed a polar bear
   302 | D        | Reached skill level 10 in Dodging
   302 | D        | Reached skill level 14 in Unarmed Combat
   305 | D        | Killed a yaktaur
   306 | D        | Reached skill level 10 in Fighting
   362 | D        | Noticed a shining eye
   362 | D        | Noticed a shining eye
   362 | D        | Noticed a shining eye
   365 | D        | Killed a shining eye
   367 | D        | Killed a shining eye
   367 | D        | Reached ****** piety under Trog
   367 | D        | Received a gift from Trog
   368 | D        | Reached skill level 15 in Unarmed Combat
   370 | D        | Killed a shining eye
   417 | D        | Noticed a death drake
   417 | D        | Noticed a death drake
   420 | D        | Noticed a crystal guardian
   423 | D        | HP: 5/153 [crystal guardian/crystal bolt (45)]
   424 | D        | Succumbed to a death drake's dark miasma

Illustrated notes

Levels and vault maps discovered:
D:        the_violet_keep_of_menkaure [sprint2_stairs_cluster_1,
          sprint2_shoproom, sprint2_temple, sprint2_basic_supplies,
          sprint2_obstacle_2, sprint2_obstacle_6, sprint2_obstacle_7,
          sprint2_obstacle_3, sprint2_obstacle_1, sprint2_timed_cluster_1,
          sprint2_smallroom_cluster_1, sprint2_smallroom_final_cluster_1,
          sprint2_transparent_cluster_1, sprint2_second_timed_cluster_1,
          sprint2_sniper_area_1, sprint2_heavy_combat_area_1,
          sprint2_mutation_trap_area_1, sprint2_forest_area_1,
          sprint2_light_combat_area_1, sprint2_behind_water_1,
          sprint2_near_end_vault_1]

Skill      XL: |  1  2  3  4  5  6  7  8  9 |
---------------+----------------------------+-----
Fighting       | 5 6 7 8 9 10 | 10.5
Dodging        | 5 6 8 9 10 | 10.9
Unarmed Combat | 6 8 9 10 11 13 15 | 15.8
Stealth        | |  0.6

Action                     |  1- 3 |  4- 6 |  7- 9 || total
---------------------------+-------+-------+-------++-------
  Melee: Unarmed           |     6 |    18 |    50 ||    74
         Bite              |       |     1 |     5 ||     6
         Punch             |       |       |     3 ||     3
 Invoke: Berserk           |     1 |       |     2 ||     3
 Armour: Animal skin       |       |     2 |     8 ||    10
  Dodge: Dodged            |     2 |     1 |    27 ||    30

Table legend: (Time is in decaauts)
 A = Elapsed time spent in this place.
 B = Non-inter-level travel time spent in this place.
 C = Inter-level travel time spent in this place.
 D = Time resting spent in this place.
 E = Time spent auto-exploring this place.
 F = Levels seen in this place.
 G = Mean time per level.
                   A        B        C        D        E       F      G
               +--------+--------+--------+--------+--------+-----+--------+
         Total |    461 |    449 |     12 |    158 |     11 |   1 |  461.0 |
       Dungeon |    461 |    449 |     12 |    158 |     11 |   1 |  461.0 |
               +--------+--------+--------+--------+--------+-----+--------+

Top non-repeatable levels by time:
       D: 461 daAuts
